Map: Cerulean Fall LE

Players

Friend - Winner!

  • Race: Zerg Zerg
  • League: Platinum
  • Spawn Location: 1:00

ashkan

  • Race: Terran Terran
  • League: Platinum
  • Spawn Location: 7:00

VOD

Have the link to the VOD?

Description

I made so many mistakes that it's no longer sad, it;s funny xD

Time

  • Played on: Aug. 16, 2018, 3:34 p.m.
  • Length: 32:45
Show
View Real Time Build Order
Export as new Build Order

Friend Zerg - Winner!

Build Orders: Hatch First 

Get SALT Encoding   

  12  0:01  Drone  
  13  0:12  Overlord  
  13  0:17  Drone  
  14  0:30  Drone  
  14  0:31  Drone  
  14  0:35  Drone  
  17  0:54  Hatchery  
  17  0:56  Drone  
  17  1:00  Drone  
  18  1:10  Extractor  
  17  1:14  Spawning Pool  
  17  1:16  Drone  
  17  1:20  Drone  
  18  1:29  Drone  
  19  1:40  Drone  
  20  1:50  Drone  
  21  2:06  Queen  
  21  2:07  Overlord  
  23  2:14  Metabolic Boost  
  23  2:16  Queen  
  23  2:18  Zergling x6  
  28  2:27  Drone  
  29  2:35  Zergling x4  
  31  2:39  Zergling x2  
  32  2:47  Drone  
  33  3:01  Hatchery  
  33  3:02  Queen  
  33  3:04  Drone x2  
  36  3:06  Overlord  
  30  3:55  Drone x6  
  36  3:56  Overlord  
  36  3:57  Overlord  
  36  4:04  Roach Warren  
  36  4:07  Drone x2, Extractor  
  36  4:11  Queen  
  36  4:12  Queen  
  36  4:14  Drone  
  41  4:20  Drone  
  41  4:21  Drone x3  
  41  4:23  Zergling x8  
  49  4:36  Drone x4  
  49  4:37  Queen  
  47  4:48  Roach x3  
  47  4:53  Zergling x2  
  47  5:03  Roach  
  47  5:04  Roach x2  
  53  5:11  Ravager  
  44  5:39  Roach  
  44  5:40  Roach x5  
  48  5:54  Roach x2  
  52  5:58  Extractor  
  52  6:00  Extractor  
  50  6:20  Hatchery  
  49  6:29  Spawning Pool  
  49  6:30  Drone x2  
  49  6:31  Drone  
  49  6:32  Drone x3  
  54  6:52  Drone x2  
  46  7:15  Drone  
  46  7:16  Drone x7  
  42  7:27  Queen  
  42  7:28  Queen  
  44  7:33  Drone x2  
  44  7:34  Drone x2  
  48  7:37  Queen  
  52  7:51  Roach  
  52  7:52  Roach x5  
  52  7:57  Baneling Nest  
  61  8:00  Drone x3  
  61  8:03  Queen  
  66  8:33  Overlord x2  
  66  8:36  Overlord  
  66  8:37  Overlord x2  
  66  8:41  Lair  
  66  8:48  Evolution Chamber  
  65  8:50  Queen, Extractor, Evolution Chamber  
  66  9:10  Ravager x6  
  66  9:12  Roach x6  
  83  9:18  Drone x3  
  83  9:20  Overlord x2  
  86  9:25  Extractor  
  86  9:26  Drone x3, Extractor  
  86  9:27  Drone x2  
  86  9:29  Drone  
  92  9:31  Roach  
  92  9:32  Roach  
  92  9:33  Roach x2  
  92  9:34  Overlord x2  
  98  9:46  Zerg Missile Weapons Level 1  
  98  9:50  Zerg Ground Armor Level 1  
  99  9:52  Drone  
  99  9:53  Drone x2  
  99  9:54  Overlord x2  
  92  10:04  Zergling x2  
  92  10:05  Zergling x10  
  86  10:21  Drone  
  86  10:22  Drone x9  
  86  10:28  Drone x2  
  98  10:34  Spore Crawler  
  96  10:36  Spore Crawler  
  96  10:41  Glial Reconstitution  
  52  11:27  Queen x2  
  52  11:28  Queen  
  52  11:29  Roach  
  52  11:30  Roach x13  
  86  11:45  Roach x3  
  82  12:01  Hatchery  
  75  12:09  Roach  
  75  12:10  Roach x10  
  89  12:19  Zergling x8  
  79  12:35  Drone x3  
  79  12:36  Hydralisk Den  
  81  12:50  Drone x2  
  81  12:51  Drone x3  
  86  12:54  Baneling  
  86  12:55  Baneling x7  
  86  12:57  Centrifical Hooks  
  86  13:02  Drone  
  86  13:03  Drone x2  
  89  13:07  Grooved Spines  
  89  13:08  Hydralisk  
  89  13:09  Hydralisk x2  
  95  13:22  Drone  
  95  13:23  Queen  
  98  13:30  Drone  
  99  13:35  Zergling x6  
  99  13:36  Zergling x6  
  99  13:38  Roach  
  99  13:39  Roach x4  
  115  13:42  Overlord x2  
  115  13:47  Zerg Ground Armor Level 2  
  115  13:54  Zerg Missile Weapons Level 2  
  115  14:00  Infestation Pit  
  98  14:18  Muscular Augments  
  99  14:38  Zergling x6  
  99  14:39  Zergling x4  
  99  14:40  Hydralisk, Roach  
  99  14:41  Hydralisk x8  
  123  14:51  Spore Crawler  
  122  14:53  Drone x3  
  122  14:54  Drone x3  
  104  15:37  Hydralisk x4  
  104  15:38  Hydralisk x3  
  104  15:39  Hydralisk x5  
  100  15:51  Drone  
  101  15:58  Tunneling Claws  
  101  16:03  Hive  
  101  16:05  Burrow  
  101  16:08  Roach  
  101  16:09  Roach x3  
  109  16:23  Hydralisk x4  
  113  16:40  Drone x4  
  117  16:51  Hydralisk x5  
  117  16:52  Hydralisk  
  129  17:01  Drone x2  
  131  17:19  Hydralisk  
  131  17:20  Hydralisk x6  
  145  17:23  Viper  
  146  17:40  Zergling x22  
  146  17:41  Zergling x4  
  107  17:56  Zergling x2  
  107  17:57  Zergling x14  
  106  18:00  Baneling  
  106  18:01  Baneling x7  
  85  18:20  Drone  
  85  18:21  Drone x6  
  84  18:38  Hydralisk  
  84  18:39  Hydralisk x5  
  87  18:44  Roach x4  
  87  18:55  Hydralisk x2  
  87  18:57  Queen  
  87  18:59  Queen  
  95  19:17  Extractor  
  95  19:18  Drone x2, Extractor  
  95  19:19  Drone  
  95  19:20  Hatchery  
  95  19:26  Zerg Missile Weapons Level 3  
  95  19:30  Hydralisk  
  91  19:54  Roach  
  91  19:55  Roach x2  
  91  19:56  Roach  
  97  20:11  Hydralisk  
  97  20:12  Hydralisk x2  
  103  20:15  Hatchery  
  100  20:47  Hydralisk  
  100  20:48  Hydralisk x5  
  112  21:07  Hydralisk  
  112  21:08  Hydralisk x5  
  124  21:16  Drone x3  
  124  21:17  Drone x3  
  130  21:25  Zerg Ground Armor Level 3  
  130  21:35  Roach x2  
  130  21:36  Roach  
  120  22:20  Roach x3  
  91  22:33  Roach  
  91  22:34  Hydralisk x5  
  75  22:55  Spawning Pool  
  60  23:07  Roach x2  
  60  23:11  Ultralisk Cavern  
  47  23:13  Zergling x10  
  40  23:33  Hatchery  
  30  23:53  Hatchery  
  30  23:54  Queen  
  31  23:57  Roach x2  
  31  23:58  Drone x3  
  30  24:03  Zergling x2  
  30  24:04  Zergling x4  
  26  24:25  Roach x2  
  26  24:30  Queen  
  22  25:02  Drone x5  
  22  25:03  Drone x2  
  29  25:12  Drone x2  
  31  25:19  Queen x2  
  35  25:41  Ultralisk  
  41  25:47  Zergling x6  
  44  25:59  Queen  
  44  26:02  Queen  
  48  26:35  Ultralisk  
  48  26:39  Ultralisk  
  60  26:49  Drone x3  
  63  27:14  Hatchery  
  62  27:24  Zergling x8  
  62  27:27  Drone x3  
  68  27:30  Drone x2  
  67  28:00  Ultralisk x2  
  67  28:05  Ultralisk  
  85  28:09  Chitinous Plating  
  47  29:29  Drone x5  
  47  29:30  Drone x8  
  60  29:42  Zergling x8  
  64  29:51  Queen  
  64  29:52  Queen  
  80  30:21  Ultralisk x2  
  80  30:37  Hatchery  
  80  31:04  Zergling x14  
  80  31:05  Zergling x6  
  47  32:09  Zergling x4  
  47  32:10  Zergling x28  
Show
View Real Time Build Order
Export as new Build Order

ashkan Terran 

Build Orders:  

Get SALT Encoding   

  12  0:01  SCV  
  13  0:13  SCV  
  14  0:18  Supply Depot  
  14  0:24  Refinery  
  14  0:28  SCV  
  15  0:42  Barracks  
  15  0:48  Refinery  
  15  0:53  SCV  
  16  1:05  SCV  
  17  1:17  SCV  
  18  1:29  SCV  
  18  1:30  Barracks Reactor  
  19  1:32  Factory  
  19  1:45  Orbital Command  
  19  2:06  Marine  
  19  2:07  Marine  
  21  2:11  Supply Depot  
  21  2:15  Factory Tech Lab  
  21  2:24  Marine x2  
  23  2:36  Siege Tank  
  26  2:39  Starport  
  26  2:42  Marine x2  
  28  2:53  Supply Depot  
  28  3:00  Marine x2  
  30  3:15  Siege Tank  
  33  3:24  Medivac x2  
  33  3:26  Barracks Tech Lab  
  37  3:31  Supply Depot  
  35  3:51  SCV  
  36  4:04  Siege Tank  
  36  4:08  Marauder  
  36  4:09  Viking  
  43  4:16  Barracks  
  43  4:17  SCV  
  44  4:29  Supply Depot, Marauder  
  41  5:15  Marauder  
  30  5:36  Marine  
  28  5:47  Factory Tech Lab  
  24  5:50  Barracks Reactor  
  24  5:54  Marauder  
  26  6:06  Siege Tank  
  26  6:16  Marauder  
  28  6:18  Stimpack  
  28  6:26  Medivac x2  
  28  6:27  Marine x2  
  28  6:29  Command Center  
  34  6:46  Marine x2  
  36  6:47  Marauder  
  36  6:48  SCV  
  34  7:26  Marine x2, Siege Tank  
  34  7:27  Marauder  
  34  7:28  Medivac x2  
  45  7:34  SCV  
  46  7:46  Marine x2  
  46  7:49  Marauder  
  46  7:51  SCV  
  51  7:59  Siege Tank  
  54  8:11  Orbital Command  
  54  8:15  Marine x2, Marauder  
  54  8:19  Refinery  
  58  8:20  Refinery  
  58  8:37  Marauder  
  58  8:40  Barracks  
  60  8:52  Supply Depot  
  60  8:58  Marauder  
  60  9:00  Marine  
  63  9:15  Marine  
  64  9:20  Marauder  
  66  9:27  Marine x2  
  66  9:28  SCV x2  
  70  9:31  Siege Tank  
  73  9:41  Marauder  
  73  9:42  Supply Depot  
  75  10:15  Marine x2  
  75  10:16  Barracks Tech Lab, Marauder  
  75  10:17  SCV x2  
  81  10:22  Supply Depot  
  81  10:26  Siege Tank  
  84  10:31  SCV x2  
  84  10:35  Marine  
  86  10:39  Marauder  
  53  11:27  SCV x2  
  55  11:38  Marine x2  
  55  11:39  Marauder x2  
  61  11:40  SCV  
  61  11:41  SCV  
  63  11:47  Refinery  
  63  11:53  Siege Tank, SCV x2  
  68  11:56  Marine x2  
  68  12:00  Marauder x2  
  63  12:21  Marine, Marauder  
  63  12:22  Marine, Marauder  
  59  12:37  SCV x2  
  59  12:39  Marine x2  
  59  12:43  Marauder x2  
  67  12:49  SCV x2  
  69  12:56  Siege Tank  
  69  12:57  Marine  
  73  13:01  Command Center  
  73  13:03  Marine  
  73  13:04  Marauder x2  
  78  13:12  Engineering Bay  
  78  13:15  Marine  
  78  13:17  Engineering Bay  
  79  13:46  Marauder  
  79  13:47  Marine, Marauder  
  84  14:08  Marauder x2  
  86  14:18  Marine x2  
  86  14:19  Siege Tank  
  86  14:23  Orbital Command  
  91  14:29  Marauder x2  
  94  14:36  SCV x2  
  96  14:59  Refinery  
  96  15:03  Refinery  
  74  15:39  Marine x2  
  74  15:40  Marauder x2  
  75  15:51  SCV x2  
  75  15:52  SCV  
  75  15:54  Medivac  
  82  16:02  Marauder  
  82  16:03  Marine x2, Marauder  
  88  16:14  Factory Tech Lab  
  88  16:19  SCV x2  
  88  16:20  Medivac  
  88  16:23  Marauder  
  88  16:24  Marine x2  
  88  16:25  Marauder  
  96  16:35  Siege Tank  
  96  16:38  SCV x2  
  101  16:42  Marine  
  101  16:44  Marauder  
  101  16:46  Marine, Marauder  
  107  16:49  Terran Infantry Weapons Level 1, Terran Infantry Armor Level 1  
  107  16:55  Armory  
  107  16:59  Marine  
  108  17:05  Marine  
  108  17:06  Marauder  
  108  17:07  Marine  
  112  17:10  SCV  
  112  17:11  SCV  
  47  18:44  Marine x2, Marauder x2  
  51  18:59  Barracks  
  51  19:01  Barracks  
  51  19:02  Terran Infantry Weapons Level 2, Terran Infantry Armor Level 2  
  51  19:03  Barracks  
  51  19:04  Marine x2  
  51  19:05  Siege Tank, Marauder x2  
  56  19:33  Marine x2, Marauder x2  
  56  19:37  Siege Tank  
  65  19:51  Marine x2  
  67  19:54  Marauder  
  67  19:55  Marauder  
  67  19:57  Barracks Tech Lab, Barracks Reactor  
  67  19:58  Barracks Tech Lab  
  71  20:05  Missile Turret  
  71  20:08  Marine  
  71  20:09  Marine  
  71  20:10  Siege Tank  
  78  20:16  Starport Reactor, Marauder x2  
  78  20:21  Marauder x2  
  84  20:37  Marauder x2  
  84  20:42  Marauder  
  90  20:49  Marine x2, Marauder  
  94  20:50  Marine x2  
  94  20:51  Siege Tank  
  99  20:57  Terran Vehicle And Ship Armor Level 1  
  99  20:59  Marauder x2  
  99  21:02  Missile Turret  
  99  21:03  Marauder  
  99  21:04  SCV x2  
  107  21:06  Missile Turret  
  107  21:07  Marine  
  107  21:08  Missile Turret  
  107  21:10  Marauder  
  110  21:16  Marine  
  111  21:20  Marauder x2  
  115  21:56  Marine x2, Marauder x2  
  115  21:57  Marine x2, Marauder x2  
  115  21:58  Siege Tank  
  115  21:59  Medivac  
  132  22:11  Missile Turret  
  132  22:12  Supply Depot  
  132  22:23  Medivac  
  132  22:24  Marauder x2  
  91  22:52  Marine x4, Marauder x2  
  91  22:53  Marauder x2  
  43  23:27  Marine x2, Marauder  
  43  23:28  Marine, Marauder x2  
  43  23:29  Marauder  
  51  23:51  Marine  
  46  24:54  SCV  
  47  25:42  Marine  
  47  25:43  Marine x2  
  50  26:28  Marine  
  50  26:29  Marine x2, Marauder  
  53  27:05  Orbital Command  
  53  28:07  SCV  
  48  29:01  Marauder x2  
  48  29:02  SCV  
  57  29:03  Marauder x2  
  46  29:25  SCV  
  46  29:37  SCV  
  47  29:40  Marauder x2  
  51  29:49  SCV  
  52  30:01  SCV  
  53  30:20  Command Center  
  43  30:59  Marauder x3  
Tags
 
Add a new tag
Caveats
  • Supply blocks, unpowered buildings, or Contaminate may cause inaccurate times.
  • Supply counts are checked every 10 seconds.